 Dungeon Crawl Stone Soup version 0.29-a0-323-g050149af67 (webtiles) character file.

Game seed: 12988976381070980950

7821 spaghetti the Cruncher (level 11, -1/76 HPs)
             Began as a Demonspawn Gladiator on Apr 10, 2022.
             Was a Plaything of Xom.
             Slain by a hell rat (14 damage)
             ... on level 3 of the Lair of Beasts.
             The game lasted 00:33:13 (15201 turns).

spaghetti the Cruncher (Demonspawn Gladiator)      Turns: 15201, Time: 00:33:13

Health: -1/76      AC: 11    Str: 12    XL:     11   Next: 1%
Magic:  0/18       EV: 13    Int: 13    God:    Xom [...*..]
Gold:   1499       SH:  4    Dex: 14    Spells: 12/20 levels left

rFire   . . .      SeeInvis +   l - staff of earth {!astaff}
rCold   . . .      Faith    .   (no shield)
rNeg    + . .      Spirit   +   D - +1 robe {Archmagi}
rPois   +          Reflect  .   (helmet unavailable)
rElec   .          Harm     .   (no cloak)
rCorr   .          Rampage  .   (no gloves)
Will    .....      Archmagi +   (no boots)
Stlth   +.........              r - amulet of guardian spirit
HPRegen 0.00/turn               G - ring of poison resistance
MPRegen 0.16/turn               B - ring of Dishonour {rN+ Int+2}

@: inhibited regen
A: antennae 3, demonic guardian 1, icemail 2, condensation shield, clumsy 1,
deterioration 1, dopey 1, frail 1, screaming 1, inhibited regeneration, weak 1,
MP-powered wands
a: Renounce Religion


You were on level 3 of the Lair of Beasts.
You worshipped Xom.
You were a favourite toy of Xom.
You visited 2 branches of the dungeon, and saw 14 of its levels.

You collected 1603 gold pieces.
You spent 104 gold pieces at shops.


Innate Abilities, Weirdness & Mutations

You have a pair of large antennae on your head. (SInv)
A weak demonic guardian rushes to your aid.
A meltable icy envelope protects you from harm. (AC +8)
A meltable shield of frost defends you. (SH +4)
You are clumsy. (Dex -2)
Your body sometimes deteriorates upon taking damage.
You are dopey. (Int -2)
You are frail. (-10% HP)
You occasionally shout uncontrollably at your foes.
You do not regenerate when monsters are visible.
You are weak. (Str -2)
You expend magic power (3 MP) to strengthen your wands.


   Skills:
 + Level 7.7 Fighting
 + Level 9.4 Staves
 - Level 1.7 Throwing
 - Level 3.2 Dodging
 - Level 5.3 Spellcasting
 + Level 6.3 Earth Magic
 - Level 7.0 Evocations


You had 12 spell levels left.
You knew the following spells:

 Your Spells              Type           Power      Damage    Failure   Level
a - Lee's Rapid Deconstr  Erth           22%        3d14*     36%         5
b - Stone Arrow           Conj/Erth      52%        3d10      14%         3

Your spell library contained the following spells:

 Spells                   Type           Power      Damage    Failure   Level
 Sandblast                Erth           90%        2d19      1%          1
 Passwall                 Tmut/Erth      21%        N/A       8%          2
 Freeze                   Ice            20%        1d4       19%         1
 Frozen Ramparts          Ice            10%        1d3       50%         3
 Ignite Poison            Fire/Tmut/Pois 5%         N/A       50%         3
 Mephitic Cloud           Conj/Pois/Air  5%         N/A       50%         3
 Fulminant Prism          Conj/Hex       2%         3d6       88%         4
 Hailstorm                Conj/Ice       5%         3d4       88%         4
 Iskenderun's Mystic Bla  Conj/Tloc      5%         2d3       88%         4
 Freezing Cloud           Conj/Ice/Air   2%         6-21      99%         5
 Chain Lightning          Conj/Air       2%         3d3       100%        9
 Fire Storm               Conj/Fire      2%         8d1       100%        9
 Shatter                  Erth           22%        3d20*     100%        9

Inventory:

Hand Weapons
 a - a +1 quarterstaff of electrocution {staff}
 p - a +2 dagger of electrocution {short}
   (You took it off an orc on level 5 of the Dungeon)
 L - a +0 dagger of venom {short}
   (You took it off an orc on level 7 of the Dungeon)
 O - a +2 dagger of speed {short}
   (You took it off an orc on level 7 of the Dungeon)
Missiles
 c - 4 boomerangs of dispersal {=f!fthrowing}
 d - 3 throwing nets {=f!fthrowing}
 e - 2 javelins {throwing}
 g - 8 poisoned darts {throwing}
 o - 188 stones (quivered) {throwing}
 s - 2 curare-tipped darts {=fthrowing}
 z - 8 boomerangs {throwing}
Armour
 w - a +1 plate armour of cold resistance
   (You found it on level 3 of the Dungeon)
 D - a +1 robe of the Archmagi (worn)
   (You took it off Jessica on level 3 of the Dungeon)
 H - +0 steam dragon scales
   (You found it on level 5 of the Dungeon)
 I - the +1 leather armour of Morality {rElec}
   (You took it off a wight on level 6 of the Dungeon)

   rElec:     It insulates you from electricity.
Magical Staves
 l - a staff of earth (weapon) {!astaff}
   (You found it on level 1 of the Dungeon)
 v - a staff of death {!astaff}
   (You found it on level 2 of the Dungeon)
Jewellery
 h - a ring of flight
   (You found it on level 1 of the Dungeon)
 r - an amulet of guardian spirit (around neck)
   (You found it on level 5 of the Dungeon)
 B - the ring of Dishonour (right hand) {rN+ Int+2}
   (You found it on level 3 of the Dungeon)

   [ring of positive energy]

   Int:       It affects your intelligence (+2).
   rN:        It protects you from negative energy.
 G - a ring of poison resistance (left hand)
   (You found it on level 7 of the Dungeon)
 K - an amulet of magic regeneration {@e2}
   (You found it on level 6 of the Dungeon)
Wands
 k - a wand of flame (3)
   (You took it off a kobold on level 2 of the Dungeon)
Scrolls
 b - a scroll of identify {@r1}
 j - 3 scrolls of magic mapping {!r}
 y - a scroll of torment {!r}
 A - a scroll of vulnerability {!r!r}
 C - a scroll of fog
Potions
 t - 2 potions of attraction {!q}
 u - a potion of brilliance
Miscellaneous
 f - a phial of floods (inert)
   (You found it on level 9 of the Dungeon)
 m - a tin of tremorstones (1/2) {throwing}
   (Xom gifted it to you on level 5 of the Dungeon)

Dungeon Overview and Level Annotations

Branches:
Dungeon (11/15)            Temple (0/1) D:5            Lair (3/6) D:11
  Snake (0/4) Lair:3
  Swamp: Lair:2-4    Shoals: Lair:2-4       Orc: D:9-12

Altars:
Dithmenos
Xom
Zin

Shops:
D:10 !

Annotations:
D:10 3 runed translucent doors, croobank's ghost, journeyman HOFi

## ### ######
##.#..##.###.P...#
.......@r.........
##.#...###Y...##.#
P### #...## #.........
....##.# #.#..#.....
..>.....######Y.......
..S..#.##.#.#{........
#.........{........?
.##..........#.....
#..†........##.P.#


You could see a yak and a hell rat.


Message History

A yak comes into view. 😱 MP[+1]
Okay, then.
Okay, then.
Okay, then.
Okay, then.
Aiming: Charm
Press: ? - help, Shift-Dir - straight line, f - yak, p - hell rat
Aim: a yak (wandering, hasn't noticed you, chance to affect: 67%)
The yak bellows!
The yak is charmed.
The now-empty wand crumbles to dust.
A wolf comes into view.
Your cane toad closely misses the hell rat.
Your wolf barely misses the hell rat. 😱 MP[-1]
You lost 1 mp, and now have 0/17 mp.
Your wolf bites the hell rat but does no damage.
The hell rat closely misses your quasit.
Your cane toad stings the hell rat!!
The hell rat dies!
A yak comes into view.
You now have 72 max hp (+1).
What are your orders? t - Yell!
Orders for allies: a - Attack new target. p - Attack previous target. r - Retreat! s - Stop attacking. g - Guard the area. f - Follow me.
Anything else - Cancel.
Gang up on whom?
Press: ? - help, Dir - move target, f - wolf, p - yak
Aim: a wolf Attack!
A yak comes into view.
A bolt of electricity appears from out of your range of vision.
The bolt of electricity hits your yak!
Your quasit barely misses the wolf. x2
Your quasit claws the wolf but does no damage.
Your cane toad stings the wolf!
Unknown command.
A hell rat comes into view.
Your wolf bites the wolf but does no damage.
The wolf barely misses your wolf.
Your wolf bites the wolf.
Your quasit barely misses the wolf. x2; Your quasit closely misses the wolf.
Your cane toad barely misses the wolf.
The wolf misses your wolf.
Unknown command.
Your wolf bites the wolf.
Your quasit misses the wolf.
Your quasit barely misses the wolf.
Your quasit claws the wolf.
The wolf dies!
Something barely misses your yak.
You have reached level 11! 😱 HP[+1]
You now have 76 max hp (+4).
What are your orders? t - Yell!
Orders for allies: a - Attack new target. r - Retreat! s - Stop attacking. g - Guard the area. f - Follow me.
Anything else - Cancel.
Gang up on whom?
Press: ? - help, Dir - move target, f - hell rat
Aim: a hell rat (ally target)
Okay, then.
Your wolf barely misses the hell rat.
Something gores your yak!
A hell rat comes into view.
Your wolf closely misses the hell rat. 😱 MP[+1]
A hell rat comes into view.
Unknown command.
Your wolf bites the hell rat.
The yak enters a dispersal trap!
Your wolf blinks!
Your cane toad blinks!
The yak blinks!
Your quasit blinks!
The hell rat blinks!
The yak blinks!
You blink.
The yak blinks!
Unknown command.
Okay, then.
Okay, then.
Okay, then.
Okay, then.
You feel a bit more experienced.
The hell rat enters a dispersal trap!
The hell rat blinks!
Your quasit blinks!
The yak blinks!
Your cane toad blinks!
Your quasit blinks!
You blink.
Unknown command.
Unknown command.
Unknown command.
Your quasit disappears in a puff of smoke! 😱 MP[+1]
You feel a bit more experienced. 😱 MP[+1]
Aiming: Throw Flame
Press: ? - help, Shift-Dir - straight line, f - hell rat
Aim: a hell rat (moderately wounded, 78% to hit)
The puff of flame hits the hell rat!
The hell rat barely misses you. 😱 MP[-3]
You lost 3 mp, and now have 0/18 mp.
You barely miss the hell rat. The hell rat bites you!
You die...

Skill      XL: |  1  2  3  4  5  6  7  8  9 10 |
---------------+-------------------------------+-----
Dodging        | 3 |  3.2
Staves         | 3 4 5 7 9 |  9.4
Evocations     | 1 3 4 6 7 |  7.0
Earth Magic    | 1 3 5 6 |  6.3
Spellcasting   | 2 4 5 |  5.3
Fighting       | 4 7 |  7.7
Throwing       | |  1.7

Action                   |  1- 3 |  4- 6 |  7- 9 | 10-12 || total
-------------------------+-------+-------+-------+-------++-------
Melee: Quarterstaff      |    41 |   170 |    29 |   124 ||   364
       Staff             |   163 |       |       |    10 ||   173
       Punch             |     2 |       |     4 |       ||     6
       Dagger            |       |    24 |   285 |       ||   309
       Kick              |       |       |    19 |       ||    19
Throw: Stone             |    17 |    97 |   133 |    52 ||   299
       Dart              |       |     1 |     4 |       ||     5
 Cast: Stone Arrow       |       |       |       |    11 ||    11
       Lee's Rapid Decon |       |       |       |     3 ||     3
Evoke: Wand              |       |       |    19 |    34 ||    53
       Tin of tremorston |       |       |     2 |       ||     2
       Phial of floods   |       |       |       |     1 ||     1
  Use: Potion            |     6 |    11 |    14 |    10 ||    41
       Scroll            |     1 |    11 |     8 |     3 ||    23
 Stab: Sleeping          |     1 |     1 |       |       ||     2
       Distracted        |       |       |     1 |     1 ||     2
       Confused          |       |       |     1 |       ||     1
Armor: Leather armour    |    60 |    53 |     4 |       ||   117
       Skin              |       |     6 |       |    52 ||    58
       Robe              |       |       |    67 |    67 ||   134
Dodge: Dodged            |   136 |   108 |   194 |   118 ||   556
Block: Other             |    40 |    50 |    43 |    38 ||   171

Levels and vault maps discovered:
D:1:      matt_arrival_los_fun, layout_basic, basic_ecumenical_altar
D:2:      kennysheep_big_flooded_room, layout_loops_ring, basic_altar,
          st_stairs_7, dk_noncrumbling_3
D:3:      layout_rooms, mainiacjoe_overflow_tiny_flanked, grunt_decor_cap,
          minmay_gold_behind_fungi, uniq_jessica
D:4:      layout_basic
D:5:      layout_loops_corners, minmay_temple_entry_stoned_glass,
          kennysheep_another_room, st_stairs_1
D:6:      layout_basic
D:7:      layout_gridville
D:8:      layout_basic, serial_undead, serial_undead_a, serial_undead_e,
          serial_undead_d, serial_undead_b,
          hellmonk_guarded_unrand_gyre_and_gimble
D:9:      layout_rooms
D:10:     layout_layer_cave, ebering_ghost_rock_garden, serial_shops, shop
D:11:     layout_irregular_city, minmay_lair_entry_grove, orc_0_dummy,
          portal_ice_cave_demonic_guard
Lair:1:   layout_roguey [special_room_bee], hangedman_tree_tricks,
          beast_lair_carwin_10, lemuel_fruit_fields
Lair:2:   lemuel_reptile_caves, layout_gridlike
Lair:3:   layout_chaotic_city, minmay_snake_entry_spellcaster, serial_bayou,
          serial_bayou_pond_a, serial_bayou_ford_a, serial_bayou_shore_a,
          serial_bayou_pond_b, minivault_24

Notes
Turn   | Place    | Note
-------+----------+-------------------------------------------
     0 | D:1      | spaghetti the Demonspawn Gladiator began the quest for the
                  | Orb.
     0 | D:1      | Reached XP level 1. HP: 16/16 MP: 1/1
     0 | D:1      | magus.rc [v1.9.6]
   249 | D:1      | Reached skill level 3 in Dodging
   355 | D:1      | Gained mutation: A meltable shield of frost defends you.
                  | (SH +4) [demonic ancestry]
   355 | D:1      | Reached XP level 2. HP: 22/22 MP: 2/2
  1057 | D:1      | Found a faded altar of an unknown god.
  1101 | D:1      | Prayed at the altar of an unknown god.
  1101 | D:1      | Became a worshipper of Xom the Elder Chaos God
  1151 | D:1      | Reached skill level 3 in Staves
  1220 | D:1      | XOM: butterfly on damage
  1226 | D:1      | XOM: silly message
  1369 | D:2      | XOM: silly message
  1590 | D:2      | Gained mutation: You have a pair of small antennae on your
                  | head. [demonic ancestry]
  1590 | D:2      | Reached XP level 3. HP: 26/27 MP: 3/3
  1593 | D:2      | Reached skill level 1 in Evocations
  1654 | D:2      | XOM: potion effect (heal wounds)
  1830 | D:2      | Found a shadowy altar of Dithmenos.
  2111 | D:2      | XOM: divination: magic mapping
  2124 | D:2      | Gained mutation: You have a pair of antennae on your head.
                  | [demonic ancestry]
  2124 | D:2      | Reached XP level 4. HP: 28/33 MP: 4/4
  2172 | D:2      | XOM: noise
  2243 | D:2      | XOM: give mutations
  2243 | D:2      | Gained mutation: You have a pair of large antennae on your
                  | head. (SInv) [Xom's grace]
  2243 | D:2      | Gained mutation: You are strong-willed. (Will+) [Xom's
                  | grace]
  2243 | D:2      | Gained mutation: You are partially covered in large bone
                  | plates. (SH +4) [Xom's grace]
  2243 | D:2      | Gained mutation: You have an increased reservoir of magic.
                  | (+10% MP) [Xom's grace]
  2924 | D:3      | XOM: destruction
  2925 | D:3      | XOM: silly message
  2929 | D:3      | Identified a +1 robe of the Archmagi
  2929 | D:3      | Noticed Jessica
  2983 | D:3      | XOM: repel stairs
  2988 | D:3      | Killed Jessica
  2989 | D:3      | Reached skill level 4 in Staves
  3279 | D:3      | Identified the ring of Dishonour {rN+ Int+2}
  3530 | D:4      | Noticed a phantom
  3540 | D:4      | Killed a phantom
  3541 | D:4      | Gained mutation: A meltable icy envelope protects you from
                  | harm. (AC +8) [demonic ancestry]
  3541 | D:4      | Reached XP level 5. HP: 30/38 MP: 5/5
  3670 | D:4      | Reached skill level 5 in Staves
  3743 | D:4      | XOM: enchant monster (bad)
  3753 | D:4      | Reached XP level 6. HP: 30/44 MP: 6/6
  3773 | D:4      | XOM: silly message
  4037 | D:4      | Reached skill level 2 in Evocations
  4221 | D:4      | XOM: give mutations
  4221 | D:4      | Gained mutation: Your body sometimes deteriorates upon
                  | taking damage. [Xom's mischief]
  4221 | D:4      | Gained mutation: Your body often deteriorates upon taking
                  | damage. [Xom's mischief]
  4221 | D:4      | Lost mutation: You have a pair of large antennae on your
                  | head. (SInv) [Xom's mischief]
  4277 | D:4      | XOM: 4-stop teleportation journey
  4381 | D:4      | Lost mutation: You have an increased reservoir of magic.
                  | (+10% MP) [potion of mutation]
  4381 | D:4      | Lost mutation: Your body often deteriorates upon taking
                  | damage. [potion of mutation]
  4381 | D:4      | Lost mutation: You are partially covered in large bone
                  | plates. (SH +4) [potion of mutation]
  4381 | D:4      | Gained mutation: You sometimes lose the ability to read
                  | scrolls when taking damage. [potion of mutation]
  4521 | D:4      | XOM: torment (23/44 hp)
  4572 | D:4      | XOM: 4-stop teleportation journey
  5037 | D:5      | Entered Level 5 of the Dungeon
  5054 | D:5      | XOM: noise
  5333 | D:5      | You add the spells Ignite Poison, Mephitic Cloud and
                  | Freezing Cloud to your library.
  5364 | D:5      | You pick up a book of Blasting and begin reading...
  5364 | D:5      | You add the spells Fulminant Prism, Iskenderun's Mystic
                  | Blast and Lee's Rapid Deconstruction to your library.
  5472 | D:5      | Reached skill level 1 in Earth Magic
  5527 | D:5      | Learned a level 5 spell: Lee's Rapid Deconstruction
  5648 | D:5      | XOM: enchant monster (good)
  5650 | D:5      | XOM: scenery: create altars
  5668 | D:5      | HP: 10/42 [centaur (2)]
  5675 | D:5      | Reached skill level 3 in Evocations
  5675 | D:5      | Reached XP level 7. HP: 22/50 MP: 7/7
  5676 | D:5      | XOM: enchant monster (good)
  5732 | D:5      | Reached skill level 2 in Earth Magic
  5910 | D:5      | XOM: god gift: 976 gold pieces
  6003 | D:5      | Noticed a steam dragon
  6009 | D:5      | Killed a steam dragon
  6010 | D:5      | Reached skill level 1 in Spellcasting
  6015 | D:5      | XOM: scenery: 1 doors open
  6016 | D:5      | XOM: cleaving
  6026 | D:5      | Reached skill level 4 in Evocations
  6269 | D:5      | Reached skill level 2 in Spellcasting
  6269 | D:5      | Reached skill level 3 in Earth Magic
  6471 | D:5      | XOM: give mutations
  6471 | D:5      | Gained mutation: You are robust. (+10% HP) [Xom's grace]
  6471 | D:5      | Gained mutation: You expend magic power (3 MP) to
                  | strengthen your wands. [Xom's grace]
  6484 | D:5      | XOM: god gift: tin of tremorstones (2/2)
  6570 | D:5      | Found a staircase to the Ecumenical Temple.
  6611 | D:5      | HP: 11/55 [something (3)]
  6613 | D:5      | Gained mutation: A weak demonic guardian rushes to your
                  | aid. [demonic ancestry]
  6613 | D:5      | Reached XP level 8. HP: 13/61 MP: 4/11
  6642 | D:5      | XOM: cloud trail
  7084 | D:5      | XOM: noise
  7237 | D:5      | XOM: snakes to sticks
  7484 | D:6      | Reached skill level 3 in Spellcasting
  7484 | D:6      | Reached skill level 5 in Evocations
  7639 | D:6      | Reached skill level 4 in Earth Magic
  7666 | D:6      | XOM: confuse monster(s)
  7677 | D:6      | XOM: cast spell 'Summon Hydra'
  7754 | D:6      | XOM: divination: detect creatures
  8172 | D:6      | Identified the +1 leather armour of Morality {rElec}
  8380 | D:6      | Reached skill level 4 in Spellcasting
  8460 | D:6      | Reached skill level 6 in Evocations
  8623 | D:7      | XOM: confuse monster(s)
  8626 | D:7      | XOM: noise
  8629 | D:7      | Reached skill level 5 in Earth Magic
  8629 | D:7      | XOM: confuse monster(s)
  8634 | D:7      | XOM: confuse monster(s)
  8639 | D:7      | Gained mutation: A meltable icy envelope protects you from
                  | harm. (AC +8) [demonic ancestry]
  8639 | D:7      | Reached XP level 9. HP: 37/67 MP: 10/15
  9096 | D:7      | XOM: silly message
  9167 | D:7      | Lost mutation: You are strong-willed. (Will+) [potion of
                  | mutation]
  9167 | D:7      | Lost mutation: Your body sometimes deteriorates upon taking
                  | damage. [potion of mutation]
  9167 | D:7      | Gained mutation: You have large cloven feet. [potion of
                  | mutation]
  9225 | D:7      | XOM: smoke on damage
  9295 | D:7      | XOM: give mutations
  9295 | D:7      | Lost mutation: You are robust. (+10% HP) [Xom's mischief]
  9295 | D:7      | Gained mutation: You occasionally shout uncontrollably at
                  | your foes. [Xom's mischief]
  9295 | D:7      | Gained mutation: You are frail. (-10% HP) [Xom's mischief]
  9295 | D:7      | Gained mutation: Your mind is acute. (Int +2) [Xom's
                  | mischief]
  9399 | D:7      | XOM: 1-stop teleportation journey
  9492 | D:7      | HP: 10/54 [orc warrior/+0 vorpal flail (12)]
  9494 | D:7      | XOM: 1-stop teleportation journey
  9531 | D:6      | XOM: cloud trail
  9692 | D:6      | XOM: torment (31/54 hp)
  9822 | D:7      | XOM: give mutations
  9822 | D:7      | Lost mutation: You are frail. (-10% HP) [Xom's mischief]
  9822 | D:7      | Lost mutation: You expend magic power (3 MP) to strengthen
                  | your wands. [Xom's mischief]
  9822 | D:7      | Gained mutation: You frequently scream uncontrollably at
                  | your foes. [Xom's mischief]
  9822 | D:7      | Gained mutation: You are clumsy. (Dex -2) [Xom's mischief]
  9847 | D:7      | XOM: blink monster(s)
 10033 | D:7      | XOM: chaos upgrade
 10185 | D:7      | Reached skill level 5 in Spellcasting
 10369 | D:7      | You pick up a book of Annihilations and begin reading...
 10369 | D:7      | You add the spells Chain Lightning, Fire Storm and Shatter
                  | to your library.
 10445 | D:7      | XOM: summons 5 hostile demons
 10446 | D:7      | Noticed a sixfirhy
 10459 | D:8      | XOM: enchant monster (bad)
 10476 | D:8      | XOM: polymorph water moccasin -> black bear
 10517 | D:9      | HP: 14/57 [wight/+0 flail (4)]
 10604 | D:8      | XOM: give mutation
 10604 | D:8      | Lost mutation: Your mind is acute. (Int +2) [Xom's
                  | mischief]
 10686 | D:8      | XOM: polymorph killer bee -> steam dragon
 10692 | D:8      | XOM: give mutation
 10692 | D:8      | Lost mutation: You sometimes lose the ability to read
                  | scrolls when taking damage. [Xom's mischief]
 10715 | D:8      | XOM: give mutations
 10715 | D:8      | Gained mutation: Your body sometimes deteriorates upon
                  | taking damage. [Xom's mischief]
 10715 | D:8      | Gained mutation: You are dopey. (Int -2) [Xom's mischief]
 10905 | D:8      | Reached skill level 7 in Evocations
 10908 | D:8      | Lost mutation: You frequently scream uncontrollably at your
                  | foes. [potion of mutation]
 10908 | D:8      | Lost mutation: You are dopey. (Int -2) [potion of mutation]
 10908 | D:8      | Lost mutation: You have large cloven feet. [potion of
                  | mutation]
 10908 | D:8      | Gained mutation: You tend to lose your temper in combat.
                  | [potion of mutation]
 10908 | D:8      | Gained mutation: Your system is resistant to poisons.
                  | (rPois) [potion of mutation]
 10924 | D:8      | XOM: summons 3 hostile demons
 10959 | D:9      | Noticed a two-headed ogre
 10963 | D:10     | Entered Level 10 of the Dungeon
 10986 | D:10     | Reached skill level 6 in Staves
 11090 | D:10     | Found Umos's Distillery.
 11100 | D:10     | Bought a potion of mutation for 104 gold pieces
 11100 | D:10     | Lost mutation: Your system is resistant to poisons. (rPois)
                  | [potion of mutation]
 11100 | D:10     | Lost mutation: You tend to lose your temper in combat.
                  | [potion of mutation]
 11100 | D:10     | Gained mutation: You do not regenerate when monsters are
                  | visible. [potion of mutation]
 11100 | D:10     | Gained mutation: You expend magic power (3 MP) to
                  | strengthen your wands. [potion of mutation]
 11135 | D:10     | Found a runed translucent gate.
 11135 | D:10     | Found a runed translucent gate.
 11135 | D:10     | Found a runed translucent gate.
 11138 | D:10     | Noticed croobank's ghost (journeyman HOFi)
 11150 | D:10     | XOM: summons 5 hostile demons
 11151 | D:10     | Noticed an ice devil
 11322 | D:9      | Noticed a salamander
 11322 | D:9      | a yak changed into a salamander
 11322 | D:9      | XOM: polymorph yak -> salamander
 11326 | D:9      | XOM: 3-stop teleportation journey
 11453 | D:9      | XOM: noise
 11461 | D:9      | XOM: noise
 11744 | D:9      | Killed a salamander
 11745 | D:9      | Reached skill level 3 in Fighting
 11745 | D:9      | Reached skill level 7 in Staves
 11756 | D:9      | Reached skill level 4 in Fighting
 11979 | D:9      | XOM: confusion
 12024 | D:9      | XOM: summons friendly hellwing
 12025 | D:9      | XOM: polymorph orc warrior -> ice beast
 12031 | D:9      | Killed a two-headed ogre
 12032 | D:9      | Gained mutation: You have a pair of large antennae on your
                  | head. (SInv) [demonic ancestry]
 12032 | D:9      | Reached XP level 10. HP: 69/73 MP: 17/17
 12035 | D:9      | Reached skill level 5 in Fighting
 12123 | D:9      | You pick up a book of Frost and begin reading...
 12123 | D:9      | You add the spells Freeze, Frozen Ramparts and Hailstorm to
                  | your library.
 12240 | D:9      | XOM: stat loss: -1 Int (14/15)
 12263 | D:9      | XOM: stat loss: -1 Int (13/15)
 12673 | D:10     | Reached skill level 8 in Staves
 12890 | D:8      | XOM: polymorph killer bee -> hound
 12898 | D:8      | XOM: enchant monster (bad)
 12905 | D:8      | XOM: give mutations
 12905 | D:8      | Gained mutation: You are dopey. (Int -2) [Xom's mischief]
 12905 | D:8      | Gained mutation: You are weak. (Str -2) [Xom's mischief]
 12909 | D:8      | HP: 25/111 [killer bee (3)]
 12913 | D:8      | HP: 9/111 [killer bee (5)]
 12915 | D:8      | XOM: blink monster(s)
 12917 | D:8      | HP: 1/111 [killer bee (4)]
 13446 | D:8      | You fall into a shaft and drop 3 floors!
 13446 | D:11     | XOM: give mutation
 13446 | D:11     | Gained mutation: You are frail. (-10% HP) [Xom's mischief]
 13561 | D:11     | XOM: stat loss: -1 Str (11/12)
 13574 | D:11     | HP: 14/68 [wyvern (7)]
 13578 | D:11     | Reached skill level 6 in Fighting
 13594 | D:11     | XOM: stat loss: -1 Int (12/13)
 13750 | D:11     | Found a staircase to the Lair.
 13762 | Lair:1   | Entered Level 1 of the Lair of Beasts
 14010 | Lair:1   | XOM: scenery: 2 doors open
 14223 | Lair:2   | XOM: silly message
 14333 | Lair:2   | Reached skill level 7 in Fighting
 14333 | Lair:2   | Reached skill level 9 in Staves
 14395 | Lair:2   | XOM: cloud trail
 14500 | Lair:2   | Noticed a cane toad
 14526 | Lair:3   | You pick up a book of Geomancy and begin reading...
 14526 | Lair:3   | You add the spells Sandblast, Passwall and Stone Arrow to
                  | your library.
 14545 | Lair:3   | Learned a level 3 spell: Stone Arrow
 14611 | Lair:3   | HP: 17/71 [komodo dragon (20)]
 14614 | Lair:3   | Reached skill level 6 in Earth Magic
 14655 | Lair:3   | XOM: silly message
 14903 | Lair:3   | XOM: scenery: summon butterflies
 15001 | Lair:3   | Noticed a cane toad
 15008 | Lair:3   | Killed a cane toad
 15094 | Lair:3   | Found a staircase to the Snake Pit.
 15094 | Lair:3   | Noticed a guardian serpent
 15108 | Lair:3   | HP: 21/106 [guardian serpent (8)]
 15109 | Lair:3   | Killed a guardian serpent
 15113 | Lair:3   | HP: 15/106 [poisoned by a guardian serpent (bolt of
                  | poison)]
 15159 | Lair:3   | Noticed a cane toad
 15178 | Lair:3   | HP: 12/71 [wolf (7)]
 15186 | Lair:3   | Reached XP level 11. HP: 13/76 MP: 0/18
 15201 | Lair:3   | Slain by a hell rat

Vanquished Creatures
  A salamander (D:9)
  A guardian serpent (Lair:3)
  A cane toad (Lair:3)
  A komodo dragon (Lair:2)
  A hornet (D:10)
  A shadow (D:10)
  2 wyverns (D:11)
  2 steam dragons
  5 yaks
  A basilisk (D:6)
  An acid dragon (D:9)
  3 water moccasins
  An ice beast (D:9)
  A sky beast (D:8)
  An orc warrior (D:7)
  A black bear (D:5)
  3 ogres
  A centaur (D:5)
  A wolf (Lair:3)
  2 phantoms
  2 bullfrogs (Lair:3)
  A necrophage (D:5)
  3 scorpions
  3 wights
  3 jellies (D:7)
  12 killer bees
  3 orc priests
  7 hounds
  Jessica (D:3)
  2 iguanas
  5 orc wizards
  A mummy (D:8)
  11 adders
  A white imp (D:6)
  A worm (D:5)
  3 dart slugs
  22 orcs
  4 ball pythons
  8 endoplasms
  5 giant cockroaches
  5 goblins
  10 hobgoblins
  9 jackals
  6 kobolds
  3 quokkas
  3 bats
  2 frilled lizards
  3 rats
170 creatures vanquished.

Vanquished Creatures (collateral kills)
  A two-headed ogre (D:9)
  A komodo dragon (Lair:3)
  A yak (D:9)
  2 wolves (Lair:3)
  An ogre (D:6)
  2 wights (D:6)
  A killer bee (D:7)
  An electric eel (Lair:3)
  An orc priest (D:9)
  2 orc wizards
  A hell rat (Lair:3)
  4 orcs
18 creatures vanquished.

Vanquished Creatures (others)
  2 yaks
  A wolf (Lair:3)
  A necrophage (D:8)
  2 killer bees (D:8)
  An iguana (D:7)
  An adder (D:3)
  2 jackals (D:3)
  A bush (D:11)
  15 fungi
  64 plants
  3 toadstools (D:3)
  3 withered plants (D:8)
96 creatures vanquished.

Grand Total: 284 creatures vanquished

Table legend:
 A = Non-vault XP
 B = Vault XP
 C = Vault XP percentage of total XP
 D = Non-vault monster count
 E = Vault monster count
 F = Vault count percentage of total count
                 A         B        C        D         E       F
            +---------+---------+-------+---------+---------+-------
      Total |    9450 |    1724 |  15.4 |     175 |      16 |   8.4
            +---------+---------+-------+---------+---------+-------
        D:1 |      32 |       0 |   0.0 |      18 |       0 |   0.0
        D:2 |      87 |       6 |   6.5 |      22 |       3 |  12.0
        D:3 |      23 |      37 |  61.7 |      12 |       1 |   7.7
        D:4 |     374 |       0 |   0.0 |      18 |       0 |   0.0
        D:5 |     845 |     200 |  19.1 |      19 |       2 |   9.5
        D:6 |     928 |       0 |   0.0 |      14 |       0 |   0.0
        D:7 |    1122 |       0 |   0.0 |      32 |       0 |   0.0
        D:8 |     704 |      18 |   2.5 |       9 |       1 |  10.0
        D:9 |    2273 |       0 |   0.0 |      12 |       0 |   0.0
       D:10 |     495 |       0 |   0.0 |       2 |       0 |   0.0
       D:11 |      36 |     884 |  96.1 |       2 |       6 |  75.0
     Lair:1 |     742 |       0 |   0.0 |       4 |       0 |   0.0
     Lair:2 |     333 |     122 |  26.8 |       1 |       2 |  66.7
     Lair:3 |    1456 |     457 |  23.9 |      10 |       1 |   9.1
            +---------+---------+-------+---------+---------+-------

Illustrated notes

Table legend:
 A = Kills in this place as a percentage of kills in entire the game.
 B = Kills by you in this place as a percentage of kills by you in the entire game.
 C = Kills by friends in this place as a percentage of kills by friends in the entire game.
 D = Other kills in this place as a percentage of other kills in the entire game.
 E = Experience gained in this place as a percentage of experience gained in the entire game.
 F = Experience gained in this place divided by the number of levels of this place that you have seen.
                   A       B       C       D       E      F
               +-------+-------+-------+-------+-------+----------------------
         Total | 100.0 | 100.0 | 100.0 | 100.0 | 100.0 | 798.1
       Dungeon |  90.6 |  92.9 |  72.2 |  75.0 |  72.2 | 733.1
          Lair |   9.4 |   7.1 |  27.8 |  25.0 |  27.8 | 1036.7
               +-------+-------+-------+-------+-------+----------------------

Table legend: (Time is in decaauts)
 A = Elapsed time spent in this place.
 B = Non-inter-level travel time spent in this place.
 C = Inter-level travel time spent in this place.
 D = Time resting spent in this place.
 E = Time spent auto-exploring this place.
 F = Levels seen in this place.
 G = Mean time per level.
                   A        B        C        D        E       F      G
               +--------+--------+--------+--------+--------+-----+--------+
         Total |  15138 |  14583 |    555 |   5009 |   7248 |  14 | 1081.3 |
       Dungeon |  13707 |  13152 |    555 |   4201 |   6815 |  11 | 1246.1 |
          Lair |   1431 |   1431 |      0 |    808 |    433 |   3 |  477.0 |
               +--------+--------+--------+--------+--------+-----+--------+

Top non-repeatable levels by time:
     D:5: 2386 daAuts
     D:6: 1771 daAuts
     D:2: 1620 daAuts
     D:4: 1546 daAuts
     D:9: 1484 daAuts
     D:7: 1399 daAuts
     D:1: 1368 daAuts
     D:8: 1031 daAuts
  Lair:3: 708 daAuts
     D:3: 528 daAuts
  Lair:1: 417 daAuts
    D:11: 312 daAuts
  Lair:2: 305 daAuts
    D:10: 257 daAuts
